[Event "TUR-ch Veterans 2019"]
[Site "Belek"]
[Date "2019.01.22"]
[Round "3.3"]
[White "Yasin, Hur"]
[Black "Taskiran, Erol"]
[Result "1-0"]
[ECO "C00"]
[WhiteElo "2004"]
[BlackElo "1758"]
[Annotator "NA"]
[PlyCount "81"]
[EventDate "2019.01.20"]
[EventType "swiss"]
[EventCountry "TUR"]
[SourceTitle "playchess.com"]
[Source "ChessBase"]
[SourceQuality "1"]
[TimeControl "5400+30"]

1. e4 e6 2. Nf3 d5 3. e5 c5 4. b4 cxb4 5. a3 b3 6. cxb3 Ne7 7. d4 Nbc6 8. Bd3 Qa5+ 9. Bd2 Qb6 10. Bc3 Ng6 11. h4 Nf4 12. Bf1 h5 13. g3 Ng6 14. Nbd2 Bd7 15. b4 Rc8 16. Rc1 Nge7 17. Nb3 a6 18. Nc5 Nf5 19. Bd3 Bxc5 20. bxc5 Qd8 21. Rb1 Rb8 22. Rb6 Nfe7 23. Ng5 f6 24. exf6 gxf6 25. Nh7 Qc7 26. Qxh5+ Kd8 27. Qf7 Kc8 28. Nxf6 Rd8 29. f4 e5 30. fxe5 Nxe5 31. Qxe7 Nxd3+ 32. Kd2 Qxg3 33. Nxd7 Rxd7 34. Qf8+ Kc7 35. Qf1 Nf2 36. Ba5 Qf4+ 37. Kc2 Qe4+ 38. Kb3 Qe3+ 39. Ka2 Kc8 40. Rg1 Qxd4 41. Rg8+ 1-0

[Event "TUR-ch Veterans 2019"]
[Site "Belek"]
[Date "2019.01.22"]
[Round "3.4"]
[White "Bozkir, Dursun Murat"]
[Black "Tofan, Ibrahim"]
[Result "0-1"]
[ECO "B06"]
[WhiteElo "1684"]
[BlackElo "2070"]
[Annotator "NA"]
[PlyCount "80"]
[EventDate "2019.01.20"]
[EventType "swiss"]
[EventCountry "TUR"]
[SourceTitle "playchess.com"]
[Source "ChessBase"]
[SourceQuality "1"]
[TimeControl "5400+30"]

1. e4 d6 2. d4 g6 3. f4 Bg7 4. c3 Nf6 5. e5 Nd5 6. Bc4 Nb6 7. Bb3 O-O 8. Nf3 c5 9. dxc5 dxc5 10. Qxd8 Rxd8 11. Be3 Na6 12. Nbd2 Nd5 13. Bxd5 Rxd5 14. O-O-O b6 15. Ne4 Bb7 16. Rxd5 Bxd5 17. Nfd2 f5 18. exf6 exf6 19. Re1 f5 20. Ng5 Bxg2 21. Bf2 Nc7 22. Ngf3 Nd5 23. Bg3 Bxf3 24. Nxf3 Bh6 25. Ng5 Bxg5 26. fxg5 f4 27. Bf2 Rf8 28. a3 f3 29. h4 Nf4 30. Rd1 Re8 31. Kc2 c4 32. Rd2 Nd3 33. Kd1 b5 34. Bg3 a5 35. b3 a4 36. bxc4 bxc4 37. Rh2 Re3 38. Kd2 Re4 39. Rh1 Re2+ 40. Kd1 Ra2 0-1

[Event "TUR-ch Veterans 2019"]
[Site "Belek"]
[Date "2019.01.22"]
[Round "3.5"]
[White "Onem, Cem"]
[Black "Karadag, Eflatun Cem"]
[Result "1-0"]
[ECO "A87"]
[WhiteElo "1840"]
[BlackElo "1927"]
[Annotator "NA"]
[PlyCount "65"]
[EventDate "2019.01.20"]
[EventType "swiss"]
[EventCountry "TUR"]
[SourceTitle "playchess.com"]
[Source "ChessBase"]
[SourceQuality "1"]
[TimeControl "5400+30"]

1. d4 f5 2. c4 Nf6 3. g3 g6 4. Bg2 Bg7 5. Nf3 O-O 6. O-O d6 7. Nc3 Qe8 8. d5 Na6 9. Nd4 Bd7 10. b3 c6 11. Rb1 Nc7 12. Bb2 c5 13. Nc2 b5 14. cxb5 Nxb5 15. b4 Rc8 16. Nxb5 Bxb5 17. bxc5 dxc5 18. Bc3 Qd7 19. Re1 a6 20. h4 Qd6 21. f4 Ne4 22. Bxg7 Kxg7 23. Bxe4 fxe4 24. Ne3 c4 25. Qd4+ Qf6 26. Qxe4 Rfd8 27. Rbc1 c3 28. a4 Bd7 29. Red1 e6 30. Ng4 Qf8 31. Qe5+ Kf7 32. dxe6+ Bxe6 33. Qf6+ 1-0

[Event "TUR-ch Veterans 2019"]
[Site "Belek"]
[Date "2019.01.22"]
[Round "3.6"]
[White "Ozmen, Halil Nejat"]
[Black "Korkmaz, Turhan"]
[Result "0-1"]
[ECO "A45"]
[WhiteElo "1802"]
[BlackElo "1977"]
[Annotator "NA"]
[PlyCount "88"]
[EventDate "2019.01.20"]
[EventType "swiss"]
[EventCountry "TUR"]
[SourceTitle "playchess.com"]
[Source "ChessBase"]
[SourceQuality "1"]
[TimeControl "5400+30"]

1. d4 Nf6 2. Bg5 Ne4 3. Bh4 c5 4. f3 Nd6 5. dxc5 Qa5+ 6. Nd2 Nc4 7. e4 Nxb2 8. Qc1 Na4 9. Qa3 Nc6 10. Bf2 e6 11. O-O-O Nc3 12. Qxa5 Nxa5 13. Re1 b6 14. Nb3 Nc6 15. Kd2 Na4 16. Bb5 Nxc5 17. Nxc5 bxc5 18. Bxc6 dxc6 19. Ne2 Ba6 20. Nc3 Rd8+ 21. Kc1 c4 22. Nb1 Be7 23. Bxa7 Ra8 24. Be3 Bb5 25. a3 O-O 26. Rd1 c3 27. Rd7 Bxa3+ 28. Kd1 Bb2 29. Ke1 Rfd8 30. Rxd8+ Rxd8 31. Kf2 Ba4 32. h3 e5 33. Kg3 Bxc2 34. Nxc3 Bxc3 35. Rc1 Rd3 36. Rxc2 Rxe3 37. Ra2 Be1+ 38. Kg4 g6 39. h4 h5+ 40. Kh3 Bb4 41. Ra8+ Kg7 42. Rc8 c5 43. Kg3 Be1+ 44. Kh2 Rc3 0-1

[Event "TUR-ch Veterans 2019"]
[Site "Belek"]
[Date "2019.01.22"]
[Round "3.7"]
[White "Marthedal, Anton Mehmet Yildiz"]
[Black "Cinar Corlulu, Nilufer"]
[Result "1-0"]
[ECO "A01"]
[WhiteElo "1885"]
[BlackElo "1970"]
[Annotator "NA"]
[PlyCount "49"]
[EventDate "2019.01.20"]
[EventType "swiss"]
[EventCountry "TUR"]
[SourceTitle "playchess.com"]
[Source "ChessBase"]
[SourceQuality "1"]
[TimeControl "5400+30"]

1. b3 d5 2. Bb2 Bg4 3. f3 Bh5 4. e3 e6 5. Na3 Nd7 6. Be2 c6 7. f4 Bxe2 8. Qxe2 Ngf6 9. Nf3 Be7 10. c4 O-O 11. O-O Qa5 12. Nc2 dxc4 13. bxc4 Qh5 14. Kh1 Rad8 15. Rg1 Nc5 16. g4 Qg6 17. f5 exf5 18. Nh4 Qg5 19. Nxf5 Rfe8 20. Ncd4 Nce4 21. d3 Rxd4 22. exd4 Nd6 23. h4 Qg6 24. h5 Nxh5 25. Nxe7+ 1-0

[Event "TUR-ch Veterans 2019"]
[Site "Belek"]
[Date "2019.01.22"]
[Round "3.8"]
[White "Subasi, Zeki"]
[Black "Sedef, Emin"]
[Result "1-0"]
[ECO "C01"]
[WhiteElo "1707"]
[BlackElo "1632"]
[Annotator "NA"]
[PlyCount "117"]
[EventDate "2019.01.20"]
[EventType "swiss"]
[EventCountry "TUR"]
[SourceTitle "playchess.com"]
[Source "ChessBase"]
[SourceQuality "1"]
[TimeControl "5400+30"]

1. e4 e6 2. Nf3 d5 3. exd5 exd5 4. d4 Nf6 5. Bd3 Bd6 6. O-O O-O 7. h3 h6 8. Re1 Nc6 9. c3 Bd7 10. Nbd2 a6 11. a4 Ne7 12. Nf1 Re8 13. Bd2 Ng6 14. Qc2 Nf4 15. Bxf4 Bxf4 16. Ne5 Be6 17. Qd1 c5 18. Qf3 Bxe5 19. dxe5 Nd7 20. Bc2 c4 21. b3 b5 22. b4 Qg5 23. Qe3 Qxe3 24. Rxe3 Nb6 25. a5 d4 26. cxd4 Nd5 27. Be4 Nxe3 28. fxe3 Rad8 29. Bb7 Bc8 30. Bf3 Re7 31. Ng3 f5 32. Ne2 Bb7 33. Bxb7 Rxb7 34. Rc1 Kf7 35. Rf1 Ke6 36. Rd1 g5 37. g3 Rc7 38. Nc3 Rcd7 39. Kf2 f4 40. gxf4 gxf4 41. Ne4 fxe3+ 42. Kxe3 Rg7 43. Rf1 Rg6 44. Nc5+ Kd5 45. Ne4 Rc8 46. Nc3+ Ke6 47. Ke4 Rcg8 48. d5+ Ke7 49. d6+ Ke6 50. Ne2 c3 51. Nd4+ Kd7 52. Rf7+ Ke8 53. Rc7 R8g7 54. Rxc3 Rg3 55. Rc6 Rxh3 56. Rc8+ Kf7 57. Rc7+ Kg8 58. Rxg7+ Kxg7 59. d7 1-0

[Event "TUR-ch Veterans 2019"]
[Site "Belek"]
[Date "2019.01.22"]
[Round "3.9"]
[White "Hatipoglu, Metin"]
[Black "Sezgun, Yakup"]
[Result "0-1"]
[ECO "B14"]
[WhiteElo "1680"]
[BlackElo "1757"]
[Annotator "NA"]
[PlyCount "90"]
[EventDate "2019.01.20"]
[EventType "swiss"]
[EventCountry "TUR"]
[SourceTitle "playchess.com"]
[Source "ChessBase"]
[SourceQuality "1"]
[TimeControl "5400+30"]

1. e4 c6 2. d4 d5 3. exd5 cxd5 4. c4 e6 5. Nf3 Nc6 6. Nc3 Nf6 7. Be2 Be7 8. O-O O-O 9. Re1 b6 10. h3 Bb7 11. Bf4 Rc8 12. cxd5 Nxd5 13. Bg3 Nxc3 14. bxc3 Bf6 15. Qa4 Qd7 16. Ba6 Rfd8 17. Bxb7 Qxb7 18. Rac1 Qd7 19. Qd1 Be7 20. Qe2 Bd6 21. Bh4 Re8 22. Ng5 h6 23. Ne4 Be7 24. Bg3 Na5 25. Bf4 Nc4 26. g4 Nd6 27. Ng3 Qd8 28. Nh5 g6 29. Ng3 Bg5 30. Bxg5 Qxg5 31. Qe3 Qxe3 32. fxe3 Rc4 33. e4 Rec8 34. e5 Nb5 35. Ne4 Nxd4 36. Nd6 Nf3+ 37. Kf2 Nxe1 38. Rxe1 Rxc3 39. Nxc8 Rxc8 40. Re2 Kf8 41. Kg3 Rc3+ 42. Kg2 b5 43. Rb2 a6 44. Rd2 b4 45. Rd8+ Kg7 0-1

[Event "TUR-ch Veterans 2019"]
[Site "Belek"]
[Date "2019.01.22"]
[Round "3.10"]
[White "Cetinkaya, Vedat Ali"]
[Black "Unver, Ibrahim Kaya"]
[Result "1-0"]
[ECO "E50"]
[WhiteElo "2056"]
[BlackElo "1379"]
[Annotator "NA"]
[PlyCount "39"]
[EventDate "2019.01.20"]
[EventType "swiss"]
[EventCountry "TUR"]
[SourceTitle "playchess.com"]
[Source "ChessBase"]
[SourceQuality "1"]
[TimeControl "5400+30"]

1. d4 Nf6 2. c4 e6 3. Nc3 Bb4 4. e3 c5 5. Nf3 Nc6 6. Bd3 cxd4 7. exd4 O-O 8. O-O Bxc3 9. bxc3 h6 10. Ba3 d6 11. Qd2 Re8 12. Rfe1 b6 13. Rad1 Bb7 14. Qf4 d5 15. Ne5 Qc7 16. Re3 Na5 17. Rg3 Ne4 18. Qxh6 f5 19. Bxe4 dxe4 20. Bd6 1-0

[Event "TUR-ch Veterans 2019"]
[Site "Belek"]
[Date "2019.01.22"]
[Round "3.11"]
[White "Tozaki, Halil"]
[Black "Ipek, Suat Sukru"]
[Result "1-0"]
[ECO "E61"]
[WhiteElo "1930"]
[BlackElo "1592"]
[Annotator "NA"]
[PlyCount "143"]
[EventDate "2019.01.20"]
[EventType "swiss"]
[EventCountry "TUR"]
[SourceTitle "playchess.com"]
[Source "ChessBase"]
[SourceQuality "1"]
[TimeControl "5400+30"]

1. d4 Nf6 2. Nf3 g6 3. c4 Bg7 4. Nc3 O-O 5. Bf4 d6 6. e3 Nbd7 7. h3 c5 8. Be2 b6 9. d5 Nh5 10. Bh2 f5 11. Ng5 Bxc3+ 12. bxc3 Ng7 13. h4 h6 14. Nf3 Nf6 15. Bf4 Ng4 16. Nd2 e5 17. dxe6 Nxe6 18. Bf3 Nxf4 19. exf4 Re8+ 20. Kf1 Rb8 21. Bd5+ Be6 22. Nf3 Qf6 23. Qd2 Re7 24. g3 Rbe8 25. Re1 Kf8 26. Kg2 Qf7 27. Rxe6 Rxe6 28. Re1 Qf6 29. Rxe6 Rxe6 30. Bxe6 Qxe6 31. Qd5 Ke7 32. Qb7+ Qd7 33. Qb8 Qa4 34. Qc7+ Qd7 35. Qb8 Kf7 36. Qh8 Qe8 37. Qh7+ Kf6 38. Qc7 Qe7 39. Qc6 Kg7 40. Qd5 Nf6 41. Qd3 Ne4 42. Nd2 Nf6 43. f3 Qe6 44. Kf2 Kf7 45. Nf1 d5 46. Ne3 dxc4 47. Nxc4 Kg7 48. Qe2 Qxe2+ 49. Kxe2 Nd5 50. Kd3 Kf6 51. Nd6 a6 52. a3 b5 53. c4 Nc7 54. Nb7 Ne6 55. Na5 Ke7 56. Nc6+ Kd6 57. Ne5 Nf8 58. Nf7+ Kc6 59. Nxh6 b4 60. Kc2 Ne6 61. Nf7 Nd4+ 62. Kb2 Ne6 63. Ne5+ Kd6 64. Nxg6 Ng7 65. Kb3 a5 66. a4 Ke6 67. Ne5 Kd6 68. g4 fxg4 69. fxg4 Ne6 70. Nd3 Nd4+ 71. Kb2 Nf3 72. h5 1-0

[Event "TUR-ch Veterans 2019"]
[Site "Belek"]
[Date "2019.01.22"]
[Round "3.13"]
[White "Topaloglu, Hayati"]
[Black "Yuksel, Mustafa"]
[Result "0-1"]
[ECO "C12"]
[WhiteElo "1740"]
[BlackElo "2031"]
[Annotator "NA"]
[PlyCount "60"]
[EventDate "2019.01.20"]
[EventType "swiss"]
[EventCountry "TUR"]
[SourceTitle "playchess.com"]
[Source "ChessBase"]
[SourceQuality "1"]
[TimeControl "5400+30"]

1. e4 e6 2. d4 d5 3. Nc3 Nf6 4. Bg5 Bb4 5. e5 h6 6. exf6 hxg5 7. fxg7 Rg8 8. Qh5 Qf6 9. Nf3 Qxg7 10. O-O-O Bd7 11. h4 g4 12. Ng5 Nc6 13. Qxg4 O-O-O 14. Qf4 f6 15. Nf3 e5 16. dxe5 fxe5 17. Qh2 e4 18. Nxd5 Bd6 19. g3 exf3 20. h5 Be5 21. c3 Be6 22. Bh3 Qf7 23. Rhe1 Kb8 24. Bxe6 Qxe6 25. c4 Qf5 26. Qh4 Rde8 27. Ne3 Qh7 28. Nd5 Qh8 29. Kb1 Nd4 30. Re3 Nf5 0-1

[Event "TUR-ch Veterans 2019"]
[Site "Belek"]
[Date "2019.01.22"]
[Round "3.14"]
[White "Cicek, Cemil"]
[Black "Bapoglu, Ibrahim"]
[Result "1/2-1/2"]
[ECO "E34"]
[WhiteElo "1999"]
[BlackElo "1549"]
[Annotator "NA"]
[PlyCount "111"]
[EventDate "2019.01.20"]
[EventType "swiss"]
[EventCountry "TUR"]
[SourceTitle "playchess.com"]
[Source "ChessBase"]
[SourceQuality "1"]
[TimeControl "5400+30"]

1. d4 Nf6 2. c4 e6 3. Nc3 d5 4. Nf3 Bb4 5. Qc2 c5 6. cxd5 Qxd5 7. Bd2 Bxc3 8. bxc3 cxd4 9. cxd4 O-O 10. e3 b6 11. Bd3 Ba6 12. Bxa6 Nxa6 13. O-O Rfc8 14. Qb2 Ne4 15. Rfc1 Nc7 16. Be1 Ne8 17. Ne5 f6 18. Nd3 g5 19. f3 N4d6 20. Nb4 Qb5 21. a4 Qd7 22. Qb3 Kg7 23. h4 h6 24. hxg5 hxg5 25. e4 Nf7 26. Bf2 Rxc1+ 27. Rxc1 Rc8 28. Rd1 Ned6 29. d5 e5 30. Nc2 Qc7 31. Ne3 Qc3 32. Qa2 Kg6 33. Ra1 Nc4 34. Nf5 Rc7 35. Rd1 Ncd6 36. Be1 Qc5+ 37. Kh2 Nxf5 38. exf5+ Kg7 39. a5 Nd6 40. axb6 axb6 41. Bf2 Qa5 42. Qxa5 bxa5 43. Bb6 Rd7 44. Bxa5 Nxf5 45. Bb6 Kf7 46. Rd2 Ne7 47. d6 Nf5 48. Bc5 Ke6 49. Ra2 Nxd6 50. Ra6 Kd5 51. Ba3 f5 52. Kg3 e4 53. Ra5+ Ke6 54. Bxd6 Rxd6 55. fxe4 Rd3+ 56. Kf2 1/2-1/2

[Event "TUR-ch Veterans 2019"]
[Site "Belek"]
[Date "2019.01.22"]
[Round "3.15"]
[White "Buyukgokcesu, Tahir Sami"]
[Black "Muratoglu, Salih"]
[Result "0-1"]
[ECO "B06"]
[WhiteElo "1557"]
[BlackElo "1950"]
[Annotator "NA"]
[PlyCount "92"]
[EventDate "2019.01.20"]
[EventType "swiss"]
[EventCountry "TUR"]
[SourceTitle "playchess.com"]
[Source "ChessBase"]
[SourceQuality "1"]
[TimeControl "5400+30"]

1. e4 d6 2. d4 Nc6 3. Nf3 g6 4. Be2 Bg7 5. Be3 Nf6 6. Nbd2 O-O 7. h3 e5 8. c3 Qe7 9. d5 Nd8 10. Nh2 c6 11. c4 Nd7 12. g4 a6 13. Qc2 Nf6 14. Qd3 Bd7 15. Rc1 b5 16. cxb5 axb5 17. a3 cxd5 18. exd5 e4 19. Qb3 Qe5 20. Bxb5 Rb8 21. a4 Bxb5 22. axb5 Qxd5 23. Qxd5 Nxd5 24. Nxe4 Bxb2 25. Rd1 Nxe3 26. fxe3 Re8 27. Nxd6 Rxe3+ 28. Kf2 Rxh3 29. Kg2 Rb3 30. Nf3 Ne6 31. Rhf1 Nf4+ 32. Kh2 f6 33. b6 R3xb6 34. Nc4 Rc6 35. Nxb2 Rxb2+ 36. Rd2 Rxd2+ 37. Nxd2 Rc2 38. Rf2 Nd3 39. Re2 Kf7 40. Kg3 Ne5 41. Rh2 Kg7 42. Rg2 Rc3+ 43. Kh2 Rd3 44. Nf1 Nf3+ 45. Kh1 Rd1 46. Rf2 Ne5 0-1

[Event "TUR-ch Veterans 2019"]
[Site "Belek"]
[Date "2019.01.22"]
[Round "3.16"]
[White "Bagci, Hikmet"]
[Black "Altin, Halis"]
[Result "1-0"]
[ECO "C97"]
[WhiteElo "1548"]
[BlackElo "1642"]
[Annotator "NA"]
[PlyCount "65"]
[EventDate "2019.01.20"]
[EventType "swiss"]
[EventCountry "TUR"]
[SourceTitle "playchess.com"]
[Source "ChessBase"]
[SourceQuality "1"]
[TimeControl "5400+30"]

1. e4 e5 2. Nf3 Nc6 3. Bb5 a6 4. Ba4 Nf6 5. O-O Be7 6. Re1 b5 7. Bb3 d6 8. c3 Na5 9. Bc2 c5 10. d4 Qc7 11. Nbd2 O-O 12. h3 Re8 13. d5 Nb7 14. Nf1 c4 15. a4 Bd7 16. Ng3 g6 17. Be3 Nc5 18. a5 Bf8 19. Nd2 Bg7 20. Qe2 Re7 21. Rec1 Rf8 22. b4 cxb3 23. Bxb3 Nxb3 24. Nxb3 Rc8 25. Nd2 Qb7 26. Qf3 Be8 27. Bg5 Nxd5 28. exd5 Rec7 29. Nde4 Kh8 30. Nxd6 Qb8 31. Nxc8 Qxc8 32. Bf6 Rc4 33. Ne4 1-0

[Event "TUR-ch Veterans 2019"]
[Site "Belek"]
[Date "2019.01.22"]
[Round "3.17"]
[White "Odabasi, Nail"]
[Black "Tekeli, Savran"]
[Result "0-1"]
[ECO "D00"]
[WhiteElo "1525"]
[BlackElo "1478"]
[Annotator "NA"]
[PlyCount "98"]
[EventDate "2019.01.20"]
[EventType "swiss"]
[EventCountry "TUR"]
[SourceTitle "playchess.com"]
[Source "ChessBase"]
[SourceQuality "1"]
[TimeControl "5400+30"]

1. d4 d5 2. Bf4 Bf5 3. c4 e6 4. cxd5 exd5 5. Qb3 b6 6. e3 Nf6 7. Nc3 Be7 8. Nf3 O-O 9. Be2 a6 10. h3 Nc6 11. O-O Na5 12. Qd1 c6 13. Ne5 Bd6 14. Rc1 Bxe5 15. Bxe5 Nd7 16. Bh2 b5 17. b3 Rc8 18. Bd3 Be6 19. f4 f5 20. Kh1 Nb7 21. b4 Nd6 22. Qe2 Ne4 23. Nd1 Qh4 24. Qe1 Qh5 25. Be2 Qh6 26. Nf2 Ndf6 27. Nd3 Nd7 28. Bf3 Kh8 29. Bxe4 fxe4 30. Nc5 Nxc5 31. Rxc5 Bd7 32. Rg1 Rce8 33. Qf1 g5 34. g4 Kg8 35. f5 Qf6 36. Qa1 h5 37. Be5 Qh6 38. Bh2 hxg4 39. hxg4 Kf7 40. Rc2 Rh8 41. Rg3 Qg7 42. Qf1 Rh4 43. Kg1 Reh8 44. Rgg2 Qh6 45. a3 Rh3 46. Qf2 Rf3 47. Qe1 Qh3 48. Rg3 Qh4 49. Rxf3 Qxe1+ 0-1

[Event "TUR-ch Veterans 2019"]
[Site "Belek"]
[Date "2019.01.22"]
[Round "3.18"]
[White "Cabi, Mehmet"]
[Black "Akinci, Ahmet"]
[Result "0-1"]
[ECO "C24"]
[WhiteElo "1194"]
[BlackElo "1402"]
[Annotator "NA"]
[PlyCount "74"]
[EventDate "2019.01.20"]
[EventType "swiss"]
[EventCountry "TUR"]
[SourceTitle "playchess.com"]
[Source "ChessBase"]
[SourceQuality "1"]
[TimeControl "5400+30"]

1. e4 e5 2. Bc4 Nf6 3. d3 c6 4. Bg5 Bc5 5. Nf3 Qb6 6. O-O Qxb2 7. Nbd2 d6 8. h3 Nbd7 9. Rb1 Qc3 10. Nb3 Qb4 11. Bd2 Qa4 12. Ng5 O-O 13. Kh2 Bb6 14. Na1 d5 15. Rb4 Qa3 16. Rb3 Qd6 17. exd5 cxd5 18. Bb5 Nc5 19. Bb4 h6 20. Nf3 e4+ 21. Kh1 exf3 22. Qxf3 a6 23. Ba4 Bc7 24. g3 b5 25. d4 Qe6 26. Re3 Qxh3+ 27. Kg1 Ng4 28. Qg2 Qxg2+ 29. Kxg2 Nxe3+ 30. fxe3 Nxa4 31. Bxf8 Kxf8 32. Nb3 g6 33. Nd2 Bf5 34. Nf3 Be4 35. Kh2 Bxf3 36. Rxf3 Re8 37. Kh3 Nc3 0-1

[Event "TUR-ch Veterans 2019"]
[Site "Belek"]
[Date "2019.01.22"]
[Round "3.19"]
[White "Alkan, Sukru"]
[Black "Cifci, Alaettin"]
[Result "1-0"]
[ECO "B00"]
[WhiteElo "1484"]
[BlackElo "1294"]
[Annotator "NA"]
[PlyCount "63"]
[EventDate "2019.01.20"]
[EventType "swiss"]
[EventCountry "TUR"]
[SourceTitle "playchess.com"]
[Source "ChessBase"]
[SourceQuality "1"]
[TimeControl "5400+30"]

1. d4 e6 2. Nf3 c5 3. c3 b6 4. e4 Bb7 5. Bd3 Qc7 6. O-O c4 7. Bc2 Nf6 8. Qe2 Be7 9. Re1 b5 10. Bg5 h6 11. Bh4 d6 12. Nbd2 Nbd7 13. a4 a6 14. axb5 axb5 15. Rxa8+ Bxa8 16. Ra1 O-O 17. e5 dxe5 18. dxe5 Nd5 19. Bg3 Nc5 20. Nd4 Qb7 21. f3 Bg5 22. Ne4 Be3+ 23. Kh1 Qb6 24. Nd6 Bxd4 25. cxd4 Nb3 26. Qe4 g6 27. Nxf7 Ne7 28. Nxh6+ Kg7 29. Rxa8 Rxa8 30. Qxa8 Kxh6 31. Qf8+ Kh5 32. Qxe7 1-0

[Event "TUR-ch Veterans 2019"]
[Site "Belek"]
[Date "2019.01.22"]
[Round "3.20"]
[White "Turkucu, Eyup"]
[Black "Suzan, Mehmet"]
[Result "0-1"]
[ECO "E61"]
[WhiteElo "1214"]
[BlackElo "1501"]
[Annotator "NA"]
[PlyCount "160"]
[EventDate "2019.01.20"]
[EventType "swiss"]
[EventCountry "TUR"]
[SourceTitle "playchess.com"]
[Source "ChessBase"]
[SourceQuality "1"]
[TimeControl "5400+30"]

1. d4 Nf6 2. c4 g6 3. Nf3 Bg7 4. e3 O-O 5. Bd3 d6 6. Nc3 e5 7. O-O Nc6 8. d5 Ne7 9. e4 Ne8 10. Ne2 f5 11. exf5 gxf5 12. Bc2 h6 13. Ng3 Nf6 14. Nh4 f4 15. Nh5 Nxh5 16. Qxh5 Qe8 17. Qxe8 Rxe8 18. Be4 Bf6 19. Ng6 Nxg6 20. Bxg6 Rf8 21. g3 Bh3 22. Re1 fxg3 23. Bxh6 gxf2+ 24. Kxf2 Bg7+ 25. Kg3 Bxh6 26. Kxh3 Rf2 27. b3 Bf4 28. Rh1 Kg7 29. Be4 Rh8+ 30. Kg4 Rhxh2 31. Rxh2 Rxh2 32. Rh1 Re2 33. Rh7+ Kg8 34. Bf5 Rg2+ 35. Kf3 Rg3+ 36. Kf2 Rg5 37. Be4 Rg7 38. Rh5 Bd2 39. Rf5 Bb4 40. Rh5 Bc5+ 41. Ke2 Rg3 42. Bf5 a5 43. Be6+ Kg7 44. Rf5 Bb6 45. Rf7+ Kg6 46. Rf8 Rg2+ 47. Kd3 Rxa2 48. Bd7 Ra1 49. Bc8 Ra3 50. Kc2 a4 51. bxa4 Rxa4 52. Kb3 Ra1 53. Bxb7 e4 54. Bc8 e3 55. Bg4 Kg5 56. Rg8+ Kf4 57. Be2 Re1 58. Bd3 Rd1 59. Kc2 Rd2+ 60. Kc3 Ba5+ 61. Kd4 e2 62. Rf8+ Kg4 63. Rg8+ Kh5 64. Rh8+ Kg5 65. Rg8+ Kf6 66. Re8 Rxd3+ 67. Kxd3 e1=Q 68. Rxe1 Bxe1 69. Ke4 Bf2 70. Kf4 Bb6 71. Ke4 Kg5 72. Kd3 Kf4 73. Kc3 Ke3 74. Kb4 Kd3 75. Kb3 Bc5 76. Ka4 Kxc4 77. Ka5 Kxd5 78. Ka4 Kc4 79. Ka5 d5 80. Ka4 d4 0-1

[Event "TUR-ch Veterans 2019"]
[Site "Belek"]
[Date "2019.01.23"]
[Round "4.1"]
[White "Guner, Bulent"]
[Black "Yasin, Hur"]
[Result "1/2-1/2"]
[ECO "A30"]
[WhiteElo "1987"]
[BlackElo "2004"]
[Annotator "NA"]
[PlyCount "99"]
[EventDate "2019.01.20"]
[EventType "swiss"]
[EventCountry "TUR"]
[SourceTitle "playchess.com"]
[Source "ChessBase"]
[SourceQuality "1"]
[TimeControl "5400+30"]

1. Nf3 Nf6 2. c4 c5 3. g3 d5 4. cxd5 Nxd5 5. Bg2 Nc6 6. d4 cxd4 7. Nxd4 Ndb4 8. Nxc6 Qxd1+ 9. Kxd1 Nxc6 10. Nc3 Bf5 11. Be3 e5 12. Rc1 O-O-O+ 13. Ke1 Nd4 14. Be4 Bxe4 15. Nxe4+ Kb8 16. f3 h6 17. g4 Be7 18. Kf2 Bh4+ 19. Ng3 Rd7 20. Rhd1 Rhd8 21. Bxd4 Rxd4 22. Rxd4 Rxd4 23. Rc2 g6 24. Kg2 Bd8 25. Ne4 Bb6 26. Rd2 Rxd2 27. Nxd2 Bd4 28. b3 Kc7 29. Nc4 b5 30. Na3 Kc6 31. Nc2 Bc5 32. e4 Kd6 33. Ne1 a5 34. Nc2 Ke6 35. Ne1 f5 36. gxf5+ gxf5 37. Nc2 Kf6 38. Ne1 Kg5 39. Nd3 Bd4 40. Kg3 Be3 41. Kg2 Bd4 42. Kg3 a4 43. Kg2 axb3 44. axb3 fxe4 45. fxe4 Kg4 46. h3+ Kh4 47. Ne1 Kg5 48. Kf3 Bc3 49. Nc2 Kh4 50. Kg2 1/2-1/2

[Event "TUR-ch Veterans 2019"]
[Site "Belek"]
[Date "2019.01.23"]
[Round "4.2"]
[White "Tofan, Ibrahim"]
[Black "Marthedal, Anton Mehmet Yildiz"]
[Result "0-1"]
[ECO "B01"]
[WhiteElo "2070"]
[BlackElo "1885"]
[Annotator "NA"]
[PlyCount "108"]
[EventDate "2019.01.20"]
[EventType "swiss"]
[EventCountry "TUR"]
[SourceTitle "playchess.com"]
[Source "ChessBase"]
[SourceQuality "1"]
[TimeControl "5400+30"]

1. e4 d5 2. exd5 Nf6 3. Bb5+ Bd7 4. Bc4 b5 5. Be2 Nxd5 6. Nc3 Nf4 7. Bf3 Bc6 8. Bxc6+ Nxc6 9. Qf3 Nd4 10. Qxf4 Nxc2+ 11. Kd1 Nxa1 12. Qe4 Rb8 13. Qc6+ Qd7 14. Qxd7+ Kxd7 15. b3 g6 16. Bb2 Bg7 17. Kc1 Rhd8 18. Ne4 Bxb2+ 19. Kxb2 f5 20. Nc3 b4 21. Na4 Rb5 22. Nf3 e5 23. Rxa1 e4 24. Ne1 Rd5 25. Rd1 Kc6 26. Kc1 f4 27. Nc2 Kb5 28. Nb2 a5 29. Nc4 a4 30. Re1 Re8 31. d4 Rh5 32. Ne5 axb3 33. axb3 Rxh2 34. Rxe4 Rxg2 35. Rxf4 c5 36. Nc4 Re2 37. Rf6 Rg1+ 38. Kb2 cxd4 39. Nd6+ Kc5 40. Nb7+ Kd5 41. Rd6+ Ke5 42. f4+ Kxf4 43. Rxd4+ Ke5 44. Rxb4 Rgg2 45. Rc4 h5 46. Nc5 h4 47. Nd3+ Kf5 48. Ndb4 h3 49. Kc3 Kg5 50. Rc8 Re4 51. Nd4 Rg3+ 52. Kc4 h2 53. Rc5+ Kh6 54. Rc8 Rh4 0-1

[Event "TUR-ch Veterans 2019"]
[Site "Belek"]
[Date "2019.01.23"]
[Round "4.3"]
[White "Sezgun, Yakup"]
[Black "Buker, Muhittin"]
[Result "0-1"]
[ECO "D11"]
[WhiteElo "1757"]
[BlackElo "1978"]
[Annotator "NA"]
[PlyCount "100"]
[EventDate "2019.01.20"]
[EventType "swiss"]
[EventCountry "TUR"]
[SourceTitle "playchess.com"]
[Source "ChessBase"]
[SourceQuality "1"]
[TimeControl "5400+30"]

1. Nf3 d5 2. g3 Nf6 3. Bg2 c6 4. O-O Bg4 5. d4 Nbd7 6. c4 e6 7. Qb3 Qb6 8. Qxb6 axb6 9. cxd5 exd5 10. h3 Bf5 11. Bf4 h6 12. g4 Bh7 13. Nbd2 Be7 14. Ne5 g5 15. Bh2 O-O 16. a3 Nxe5 17. Bxe5 Ra4 18. e3 Nd7 19. Bg3 b5 20. f4 Bd3 21. Rfc1 Bd6 22. Bf1 Bxf1 23. Rxf1 gxf4 24. Bxf4 Bxf4 25. Rxf4 b4 26. Rb1 Re8 27. Rf3 bxa3 28. bxa3 b5 29. Rb3 Rea8 30. Nb1 Kg7 31. Rc3 R8a6 32. Rf1 Nf6 33. Rfc1 Rc4 34. Nd2 Rxa3 35. Nxc4 Rxc3 36. Rxc3 dxc4 37. Kg2 Nd5 38. Rc1 Nxe3+ 39. Kf3 Nd5 40. Ke4 Kf6 41. Ra1 Ke6 42. Ra6 Kd6 43. Ra7 b4 44. Rxf7 b3 45. Rb7 Nc3+ 46. Ke3 b2 47. Rxb2 Nd1+ 48. Kd2 Nxb2 49. Kc3 Nd3 50. Kxc4 Nf2 0-1

[Event "TUR-ch Veterans 2019"]
[Site "Belek"]
[Date "2019.01.23"]
[Round "4.4"]
[White "Korkmaz, Turhan"]
[Black "Onem, Cem"]
[Result "1-0"]
[ECO "A13"]
[WhiteElo "1977"]
[BlackElo "1840"]
[Annotator "NA"]
[PlyCount "85"]
[EventDate "2019.01.20"]
[EventType "swiss"]
[EventCountry "TUR"]
[SourceTitle "playchess.com"]
[Source "ChessBase"]
[SourceQuality "1"]
[TimeControl "5400+30"]

1. Nf3 Nf6 2. e3 d5 3. c4 e6 4. b3 Be7 5. Bb2 O-O 6. Nc3 c5 7. cxd5 exd5 8. d4 b6 9. Bd3 Bb7 10. Qb1 Nc6 11. O-O cxd4 12. exd4 Nb4 13. Be2 Bd6 14. a3 Nc6 15. Bd3 Na5 16. Qd1 Ne4 17. Re1 f5 18. Ne5 Rc8 19. Nb5 Bb8 20. f3 a6 21. fxe4 fxe4 22. Be2 axb5 23. Bg4 Rc7 24. Be6+ Kh8 25. Qh5 Rf6 26. Qh4 Qe7 27. Bh3 Kg8 28. Rf1 Bc8 29. Bxc8 Rxc8 30. Rxf6 Qxf6 31. Qg4 Rf8 32. Qe2 Nc6 33. Nd7 Bxh2+ 34. Kxh2 Qd6+ 35. Ne5 Qh6+ 36. Kg1 Nxe5 37. dxe5 Rf5 38. Rc1 Qh4 39. e6 h6 40. Rc7 e3 41. Rxg7+ Kf8 42. e7+ Ke8 43. Qxb5# 1-0